 Dungeon Crawl Stone Soup version 0.24.1-14-gf8d2b509d9 (webtiles) character file.

Game seed: 13490819740672854544, levelgen mode: deterministic

3352 Mrkan the Thrower (level 9, -1/92 HPs)
             Began as a Troll Hunter on May 22, 2020.
             Was an Elder of Wu Jian.
             Slain by an orc high priest
             ... wielding a +0 war axe
              (6 damage)
             ... on level 7 of the Dungeon.
             The game lasted 00:12:41 (6532 turns).

Mrkan the Thrower (Troll Hunter)                    Turns: 6532, Time: 00:12:42

Health: -1/92      AC: 10    Str: 25    XL:     9   Next: 72%
Magic:  8/8        EV: 10    Int:  7    God:    Wu Jian [****..]
Gold:   334        SH:  0    Dex: 10    Spells: 8/8 levels left

rFire    . . .     SeeInvis .     - Unarmed
rCold    . . .     Gourm    +   (no shield)
rNeg     . . .     Faith    .   u - +1 animal skin
rPois    .         Spirit   .   (helmet restricted)
rElec    .         Reflect  .   x - +2 cloak {MR+}
rCorr    .         Harm     .   (gloves unavailable)
MR       +....                  (boots unavailable)
Stlth    +.........             (no amulet)
HPRegen  0.65/turn              (no ring)
MPRegen  0.11/turn              (no ring)

@: no status effects
A: large, unfitting armour, claws 3, fast metabolism 3, gourmand, regeneration
1, shaggy fur 1, tough skin 3
a: Wall Jump, Serpent's Lash, Renounce Religion


You were on level 7 of the Dungeon.
You worshipped Wu Jian.
Wu Jian was greatly pleased with you.
You were completely stuffed.

You visited 1 branch of the dungeon, and saw 7 of its levels.
You also visited: Sewer, Ossuary and Bailey.

You collected 362 gold pieces.
You spent 28 gold pieces at shops.

Inventory:

Missiles
 c - 5 large rocks (quivered)
 d - 2 throwing nets
Armour
 b - a +0 robe
 u - a +1 animal skin (worn)
 x - a +2 cloak of magic resistance (worn)
 y - a +0 hat
Jewellery
 t - an uncursed amulet of the gourmand {unknown}
 v - an uncursed ring of ice {unknown}
 L - a cursed ring of fire {unknown}
 M - a +2 ring of protection {unknown}
Wands
 p - a wand of acid (3)
 r - a wand of flame (10)
 F - a wand of enslavement (3)
Scrolls
 g - 10 scrolls of identify
 j - 5 scrolls of enchant armour {unknown}
 l - 2 scrolls of fear {unknown}
 m - 3 scrolls of remove curse {unknown}
 s - 4 scrolls of teleportation {unknown}
 w - 2 scrolls of magic mapping {unknown}
 z - a scroll of holy word {unknown}
 A - 4 scrolls of random uselessness {unknown}
 C - 3 scrolls of fog {unknown}
 D - a scroll of blinking {unknown}
 I - a scroll of torment {unknown}
 J - a scroll of noise {unknown}
 K - a scroll of immolation {unknown}
 N - a scroll of amnesia {unknown}
Potions
 a - 6 potions of curing
 e - 2 potions of heal wounds {unknown}
 h - a potion of agility
 i - 2 potions of haste {unknown}
 k - 3 potions of might {unknown}
 n - a potion of invisibility {unknown}
 o - 3 potions of flight {unknown}
 q - 5 potions of brilliance
 B - a potion of mutation {unknown}
 E - 3 potions of magic {unknown}
 H - a potion of lignification {unknown}
Comestibles
 f - 19 rations
 G - 4 chunks of flesh


   Skills:
 + Level 6.9 Fighting
 * Level 8.1 Throwing
 - Level 1.5 Dodging
 - Level 0.3 Stealth
 - Level 8.0 Unarmed Combat


You had 8 spell levels left.
You didn't know any spells.
Your spell library was empty.

Dungeon Overview and Level Annotations

Branches:
Dungeon (7/15)             Temple (0/1) D:4           Sewer (visited)
Ossuary (visited)          Bailey (visited)

Altars:
Ashenzari
Dithmenos
Gozag
Sif Muna
Trog
Wu Jian
Xom
Zin
The Shining One

Shops:
D:6 ?


Innate Abilities, Weirdness & Mutations

You are too large for most types of armour.
You have claws for hands.
Your metabolism is lightning-fast.
You like to eat raw meat.
Your natural rate of healing is unusually fast.
You are covered in fur. (AC +1)
You have extremely tough skin. (AC +3)


Message History

The orc high priest is severely wounded.
The orc high priest misses you.
You claw the orc high priest!
The orc high priest is severely wounded.
The orc high priest prays to Beogh.
The orc high priest is healed somewhat.
You completely miss the orc high priest.
The orc high priest is heavily wounded.
You closely miss the orc high priest.
The orc high priest is heavily wounded.
The orc high priest closely misses you.
You closely miss the orc high priest.
The orc high priest is heavily wounded.
The orc high priest hits you with a +0 war axe.
* * * LOW HITPOINT WARNING * * *
You closely miss the orc high priest.
The orc high priest is heavily wounded.
The orc high priest no longer looks unusually strong.
The orc high priest hits you with a +0 war axe.
You die...

..# ..# #. ## ..# #.
.. ..# #.###. ..#
..... .## #.≈≈ ##
### #.≈##### # ..
#.)#..o# .# #.≈).@.#
######.# #.≈#...#
...##..# ##.≈#####≈
##..#.# ##..≈≈≈≈≈≈≈
##...# #>.........
####..####.....#####
...........#####
############


You could see an orc high priest.

Vanquished Creatures
  Grinder (D:3)
  A hippogriff (D:6)
  Sigmund (D:3)
  A wyvern (D:6)
  Duvessa (D:4)
  2 orc warriors
  3 sky beasts (D:6)
  2 phantoms
  3 ogres
  A centaur (D:5)
  3 bullfrogs
  Dowan (D:4)
  2 scorpions
  A vampire bat (D:5)
  A howler monkey (D:4)
  4 crimson imps
  A centaur zombie (Ossuary)
  2 orc priests
  3 hounds
  A jelly (D:6)
  An orc wizard (D:6)
  Crazy Yiuf (D:4)
  An iguana (D:5)
  Jessica (D:3)
  Natasha (D:3)
  5 worker ants
  A big kobold zombie (Ossuary)
  A hound skeleton (D:4)
  5 mummies (Ossuary)
  Robin (D:3)
  11 adders
  2 river rats (Sewer)
  5 gnolls
  2 howler monkey skeletons
  2 shadow imps
  2 oozes
  An adder skeleton (D:4)
  An adder zombie (D:7)
  3 worms
  2 dart slugs
  3 fire bats (D:5)
  6 leopard geckos
  13 orcs
  2 spectral bats (D:5)
  3 bat skeletons (D:5)
  A bat zombie (D:5)
  5 giant cockroaches
  15 goblins
  13 hobgoblins
  11 jackals
  4 quokkas
  5 ball pythons
  23 bats
  A bat simulacrum (D:5)
  9 frilled lizards
  A hobgoblin zombie (Ossuary)
  8 kobolds
  A leopard gecko skeleton (D:4)
  A leopard gecko zombie (D:5)
  A quokka zombie (D:5)
  15 rats
  A bush (D:2)
226 creatures vanquished.

Notes
Turn   | Place    | Note
-------+----------+-------------------------------------------
     0 | D:1      | Mrkan the Troll Hunter began the quest for the Orb.
     0 | D:1      | Reached XP level 1. HP: 19/19 MP: 0/0
    28 | D:1      | Reached skill level 1 in Unarmed Combat
    81 | D:1      | Reached XP level 2. HP: 26/28 MP: 1/1
   842 | D:2      | Reached XP level 3. HP: 35/35 MP: 2/2
   959 | D:2      | Reached XP level 4. HP: 36/44 MP: 3/3
  1744 | D:3      | Found an ornate altar of the Wu Jian Council.
  1753 | D:3      | Became a worshipper of the Wu Jian Council
  1791 | D:3      | Noticed Natasha
  1796 | D:3      | Killed Natasha
  1796 | D:3      | Reached XP level 5. HP: 45/50 MP: 4/4
  1828 | D:3      | Noticed Grinder
  1830 | D:3      | Paralysed by Grinder for 3 turns
  1845 | D:3      | Killed Grinder
  1845 | D:3      | Reached skill level 5 in Unarmed Combat
  1845 | D:3      | Reached XP level 6. HP: 46/61 MP: 5/5
  1969 | D:3      | Noticed Jessica
  1990 | D:3      | Killed Jessica
  2038 | D:3      | Noticed Robin
  2051 | D:3      | Killed Robin
  2348 | D:3      | Reached * piety under Wu Jian
  2720 | D:3      | Noticed Sigmund
  2744 | D:3      | Killed Sigmund
  2744 | D:3      | Reached XP level 7. HP: 55/70 MP: 6/6
  2839 | D:3      | Found a shadowy altar of Dithmenos.
  2839 | D:3      | Found a shattered altar of Ashenzari.
  2982 | D:4      | Found a shimmering blue altar of Sif Muna.
  3249 | D:4      | Noticed Duvessa
  3250 | D:4      | Found a staircase to the Ecumenical Temple.
  3250 | D:4      | Noticed Dowan
  3271 | D:4      | Killed Duvessa
  3277 | D:4      | Killed Dowan
  3529 | D:4      | Found a runed translucent door.
  3530 | D:4      | Noticed Crazy Yiuf
  3589 | D:4      | Reached XP level 8. HP: 79/79 MP: 7/7
  3721 | D:4      | Killed Crazy Yiuf
  3959 | D:5      | Entered Level 5 of the Dungeon
  4068 | D:5      | Reached skill level 5 in Fighting
  4079 | D:5      | Found a sand-covered staircase.
  4086 | Ossuary  | Entered an ossuary
  4090 | Ossuary  | Reached ** piety under Wu Jian
  4197 | D:5      | Noticed an angel
  4198 | D:5      | Found a glowing silver altar of Zin.
  4199 | D:5      | Found a shimmering altar of Xom.
  4251 | D:5      | Found a bloodstained altar of Trog.
  4560 | D:5      | Reached skill level 5 in Throwing
  4575 | D:5      | Reached *** piety under Wu Jian
  4589 | D:5      | Found a glowing drain.
  4593 | Sewer    | Entered a sewer
  5154 | D:6      | Noticed a hippogriff
  5190 | D:6      | Reached XP level 9. HP: 47/89 MP: 8/8
  5514 | D:6      | Found a glowing golden altar of the Shining One.
  5698 | D:6      | Found Aplouge's Magic Scroll Shoppe.
  5701 | D:6      | Bought a scroll of identify for 28 gold pieces
  5795 | D:6      | Reached **** piety under Wu Jian
  5859 | D:6      | Found an opulent altar of Gozag.
  6148 | D:7      | Found a shimmering blue altar of Sif Muna.
  6350 | D:7      | Found a flagged portal.
  6372 | Bailey   | Entered a bailey
  6481 | Bailey   | Noticed an orc knight
  6482 | Bailey   | Found an iron altar of Okawaru.
  6482 | Bailey   | Noticed an orc high priest
  6482 | Bailey   | Noticed an orc high priest
  6495 | Bailey   | Noticed an ice devil
  6508 | Bailey   | Noticed a hellwing
  6531 | D:7      | HP: 4/92 [orc high priest/+0 war axe (4)]
  6532 | D:7      | Slain by an orc high priest

Levels and vault maps discovered:
D:1:      evilmike_arrival_crescent, layout_loops_cross, serial_park_tiny_2,
          minmay_tripent
D:2:      layout_basic, serial_forest, infiniplex_forest_end_2,
          infiniplex_forest_split, infiniplex_forest_corner_1,
          infiniplex_forest_corner_2, infiniplex_forest_clump_medium,
          infiniplex_forest_clump_long, infiniplex_forest_end_1,
          infiniplex_forest_end_double, st_stairs_5
D:3:      layout_loops_corners, gammafunk_temple_overflow_elements,
          lemuel_doored_altar, kennysheep_jessica_study, uniq_grinder,
          uniq_natasha, uniq_sigmund, uniq_robin
D:4:      layout_loops_ring, minmay_temple_entry_mini_moons, tgw_sif,
          uniq_duvessa, uniq_crazy_yiuf_cottage
D:5:      layout_rooms, grunt_temple_overflow_order_and_chaos_1, bloody_trog,
          gup_sewer_entry_bowl, first_ration, enter_ossuary_2, goddamned_bats
D:6:      layout_basic, lemuel_round_altar, tso_oasis_becter, serial_shops,
          nicolae_shop_behind_doors, minmay_misc_feat_cross,
          minmay_increasing_density
D:7:      layout_rooms, enter_bailey_3, lemuel_altar_in_water

Skill      XL: |  1  2  3  4  5  6  7  8  9 |
---------------+----------------------------+-----
Unarmed Combat | 1 2 3 5 6 7 8 |  8.0
Fighting       | 2 3 4 5 6 |  6.9
Throwing       | 5 8 |  8.1
Dodging        | |  1.5
Stealth        | |  0.3

Action                   |  1- 3 |  4- 6 |  7- 9 || total
-------------------------+-------+-------+-------++-------
Melee: Unarmed           |    92 |   230 |   399 ||   721
       Punch             |       |     5 |    22 ||    27
Invok: Lunge             |       |    10 |    33 ||    43
       Whirlwind         |       |     1 |    35 ||    36
Evoke: Wand              |       |       |     2 ||     2
  Use: Potion            |       |       |     2 ||     2
 Stab: Sleeping          |     3 |     1 |     2 ||     6
  Eat: Chunk             |     7 |    23 |    36 ||    66
Armor: Robe              |    59 |    34 |       ||    93
       Animal skin       |       |    23 |   133 ||   156
Dodge: Dodged            |    39 |    75 |   181 ||   295
